Map: Dusk Towers

Players

Degen - Winner!

  • Race: Zerg Zerg
  • League: Bronze
  • Spawn Location: 1:00

Fropez

  • Race: Protoss Protoss
  • League: Silver
  • Spawn Location: 7:00

VOD

Have the link to the VOD?

Description

Time

  • Played on: June 20, 2016, 3:35 p.m.
  • Length: 1:19
Show
View Real Time Build Order
Export as new Build Order

Degen Zerg - Winner!

Build Orders: Hatch First 

Get SALT Encoding   

  12  0:02  Drone  
  13  0:15  Drone  
  14  0:36  Hatchery  
  14  0:41  Drone  
  14  0:46  Overlord  
  14  1:03  Spawning Pool  
Show
View Real Time Build Order
Export as new Build Order

Fropez Protoss 

Build Orders:  

Get SALT Encoding   

  12  0:02  Probe (Chrono Boost)  
  13  0:14  Pylon  
  13  0:18  Probe (Chrono Boost)  
  15  0:34  Gateway  
  14  0:37  Probe (Chrono Boost)  
  15  0:45  Assimilator  
  15  0:47  Probe (Chrono Boost)  
  16  0:58  Probe (Chrono Boost)  
  17  1:08  Probe (Chrono Boost)  
  18  1:15  Gateway  
Tags
 
Matchup
PvZ
Replay Pack
All Mines
Spawn Locations
Cross Positions
Add a new tag
Caveats
  • Supply blocks, unpowered buildings, or Contaminate may cause inaccurate times.
  • Supply counts are checked every 10 seconds.